 Dungeon Crawl Stone Soup version 0.29-a0-214-g17f627cfee (webtiles) character file.

Game seed: 15582390783846817970

2 sammy202020 the Skirmisher (level 1, -3/27 HPs)
             Began as a Demonspawn Berserker on Feb 25, 2022.
             Was a Follower of Trog.
             Slain by Sigmund
             ... wielding a +0 scythe
              (8 damage)
             ... on level 2 of the Dungeon.
             The game lasted 00:00:27 (312 turns).

sammy202020 the Skirmisher (Demonspawn Berserker)    Turns: 312, Time: 00:00:27

Health: -3/27      AC:  5    Str: 17    XL:     1   Next: 33%
Magic:  1/1        EV: 11    Int:  8    God:    Trog [*.....]
Gold:   48         SH:  0    Dex: 12    Spells: 0/0 levels left

rFire   . . .      SeeInvis .   a - +0 hand axe
rCold   . . .      Faith    .   (no shield)
rNeg    . . .      Spirit   .   e - +0 ring mail
rPois   .          Reflect  .   (no helmet)
rElec   .          Harm     .   (no cloak)
rCorr   .          Rampage  .   (no gloves)
Will    .....                   (no boots)
Stlth   ..........              (no amulet)
HPRegen 0.09/turn               (no ring)
MPRegen 0.07/turn               (no ring)

@: berserking, very quick
A: no striking features
a: Renounce Religion, Berserk


You were on level 2 of the Dungeon.
You worshipped Trog.
Trog was aware of your devotion.
You visited 1 branch of the dungeon, and saw 2 of its levels.

You collected 48 gold pieces.

Inventory:

Hand Weapons
 a - a +0 hand axe (weapon)
Armour
 b - a +0 animal skin
 e - a +0 ring mail (worn)
Potions
 c - a potion of degeneration {unknown}
 d - a potion of mutation {unknown}


   Skills:
 + Level 3.0 Fighting
 + Level 2.7 Axes
 + Level 1.8 Armour
 + Level 1.8 Dodging


You couldn't memorise any spells.
You didn't know any spells.
Your spell library was empty.

Dungeon Overview and Level Annotations

Branches:
Dungeon (1/15)

Altars:

Annotations:
D:2 Sigmund


Message History

a +0 dagger; a kobold corpse
d - a bubbling grey potion
Found a stone staircase leading down.
A sourceless malevolence fills the Dungeon...
You fall into a shaft and drop 1 floor!
The shaft crumbles and collapses.
You now have 41 gold pieces (gained 19).
You now have 48 gold pieces (gained 7).
Found a ring mail.
Found a stone staircase leading up.
There is a stone staircase leading up here.
Sigmund the Dreaded comes into view.
He is wielding a +0 scythe.
There is a stone staircase leading up here.
You see here a +0 ring mail.
e - a +0 ring mail You start removing your armour.
You continue taking off your +0 animal skin. x4
You finish taking off your +0 animal skin.
You start putting on your armour.
You continue putting on your +0 ring mail. x5
You finish putting on your +0 ring mail.
There is a stone staircase leading up here.
Sigmund casts a spell at you. You resist with significant effort.
Sigmund casts a spell at you. The puff of flame hits you!
Ouch! That really hurt!
Found a stone staircase leading down.
Sigmund closely misses you.
A red film seems to cover your vision as you go berserk!
You feel yourself moving faster!
You feel mighty!
You slash Sigmund!
Sigmund is moderately wounded.
Sigmund hits you with a +0 scythe.
* * * LOW HITPOINT WARNING * * *
You slash Sigmund!
Sigmund is severely wounded.
You closely miss Sigmund. You punch Sigmund, but do no damage.
Sigmund is severely wounded.
Sigmund hits you with a +0 scythe!
You die...

.> .. #. #.
## #.##.
... #@# #@#
#.# # #.#
#.#####.#
#...<...#
####.#### #
#.# #####.#
#.####.....
#..........


You could see Sigmund.

Vanquished Creatures
  A hobgoblin (D:1)
  2 kobolds (D:1)
3 creatures vanquished.

Notes
Turn   | Place    | Note
-------+----------+-------------------------------------------
     0 | D:1      | sammy202020 the Demonspawn Berserker began the quest for
                  | the Orb.
     0 | D:1      | Reached XP level 1. HP: 18/18 MP: 1/1
   198 | D:1      | You fall into a shaft and drop 1 floor!
   267 | D:2      | Noticed Sigmund
   312 | D:2      | Slain by Sigmund

Illustrated notes

Levels and vault maps discovered:
D:1:      psy_arrival_radial02, layout_basic,
          hellmonk_ecumenical_altar_leap_of_faith
D:2:      layout_loops_ring, st_stairs_10, small_statue_intersection,
          hangedman_decor_growths, serial_bayou_pond_c, uniq_jessica,
          uniq_sigmund

Action                   || total
-------------------------++-------
Melee: Hand axe          ||     9
       Punch             ||     1
Invok: Berserk           ||     1
Dodge: Dodged            ||     4

Table legend: (Time is in decaauts)
 A = Elapsed time spent in this place.
 B = Non-inter-level travel time spent in this place.
 C = Inter-level travel time spent in this place.
 D = Time resting spent in this place.
 E = Time spent auto-exploring this place.
 F = Levels seen in this place.
 G = Mean time per level.
                   A        B        C        D        E       F      G
               +--------+--------+--------+--------+--------+-----+--------+
         Total |    312 |    312 |      0 |      0 |    242 |   2 |  156.0 |
       Dungeon |    312 |    312 |      0 |      0 |    242 |   2 |  156.0 |
               +--------+--------+--------+--------+--------+-----+--------+

Top non-repeatable levels by time:
     D:1: 199 daAuts
     D:2: 113 daAuts
